 Dungeon Sprint DCSS version 0.31-a0-744-gbc345e7fcb (webtiles) character file.

Game seed: 12024416387262983875

56 rocky1 the Slasher (level 5, -1/42 HPs)
             Began as a Demonspawn Gladiator on Sept 14, 2023.
             Was a Follower of Okawaru.
             Slain by a wraith (4 damage)
             ... in the Dungeon (Sprint VI: "Thunderdome").
             The game lasted 00:04:56 (414 turns).

rocky1 the Slasher (Demonspawn Gladiator)            Turns: 414, Time: 00:04:58

Health: -1/42      AC:  5    Str: 15    XL:     5   Next: 90%
Magic:  6/9        EV: 16    Int:  9    God:    Okawaru [*.....]
Gold:   280        SH:  0    Dex: 18    Spells: 4/4 levels left

rFire   . . .        a - +0 long sword
rCold   . . .        (no shield)
rNeg    . . .        p - +2 robe {Will+}
rPois   .            c - +0 helmet
rElec   .            (no cloak)
rCorr   .            (no gloves)
SInv    .            (no boots)
Will    +....        (no amulet)
Stlth   +++          (no ring)
HPRegen 0.27/turn    (no ring)
MPRegen 0.11/turn

%: no teleportation
@: on berserk cooldown, slowed, very slow
A: thin skeletal structure 1, demonic magic 1
a: Renounce Religion, Heroism


You were in the Dungeon.
You worshipped Okawaru.
Okawaru was aware of your devotion.
You visited 1 branch You collected 280 gold pieces.

Inventory:

Hand Weapons
 a - a +0 long sword (weapon)
Missiles
 d - 3 throwing nets (quivered)
 e - a javelin
Armour
 b - a +0 leather armour
 c - a +0 helmet (worn)
 p - a +2 robe of willpower (worn)
Wands
 m - a wand of quicksilver (5)
 n - a wand of iceblast (4)
Scrolls
 k - 4 scrolls of blinking
 o - 3 scrolls of fog
Potions
 g - 3 potions of heal wounds
 h - 4 potions of haste
 i - 2 potions of magic
 l - a potion of resistance


   Skills:
 + Level 4.0 Fighting
 + Level 7.4 Long Blades
 + Level 3.5 Throwing
 + Level 6.5 Dodging
 + Level 1.4 Stealth
 * Level 6.0 Invocations


You had 4 spell levels left.
You didn't know any spells.
Your spell library was empty.

Dungeon Overview and Level Annotations

Branches:
Dungeon (1/1)

Altars:
Cheibriados
Dithmenos
Fedhas
Gozag
Kikubaaqudgha
Makhleb
Okawaru
Qazlal
Ru
Sif Muna
Trog
Uskayaw
Vehumet
Wu Jian
Xom
Yredelemnul
Lugonu

Shops:
D *[=??*?*:[((!!!!


Innate Abilities, Weirdness & Mutations

You have a somewhat thin skeletal structure. (Dex +2, Stealth+)
Spells you cast may paralyse adjacent enemies.


Message History

You slash the orc!
You kill the orc!
Okawaru accepts your kill.
You feel sick.
Unknown command.
You feel better.
A wraith comes into view.
A wraith is nearby!
You feel much better.
You hit the wraith but do no damage. The wraith closely misses you.
The wraith misses you.
Okay, then.
Okay, then.
Okay, then.
You hit the wraith but do no damage. The wraith closely misses you.
You closely miss the wraith. The wraith hits you. The wraith misses you.
You hit the wraith.
The wraith is lightly damaged.
The wraith hits you! The wraith drains your vigour!
You feel as though you will be slow longer.
You slash the wraith! You punch the wraith, but do no damage.
The wraith is moderately damaged.
The wraith hits you! The wraith drains your vigour!
You feel as though you will be slow longer.
The wraith hits you!
* * * LOW HITPOINT WARNING * * *
You hit the wraith but do no damage.
The wraith is moderately damaged.
The wraith hits you.
* * * LOW HITPOINT WARNING * * *
The wraith drains your vigour!
You feel as though you will be slow longer.
You hit the wraith but do no damage.
The wraith is moderately damaged.
The wraith hits you.
* * * LOW HITPOINT WARNING * * *
The wraith drains your vigour!
You feel as though you will be slow longer.
The wraith hits you.
You die...

##.......†.....###)............#
#⌠..........###...###..........⌠
#⌠..........# #.<.# #....†.....⌠
#⌠..........###...###..........⌠
##.............###.............#
###∩........8.# #.8........∩###
##∩.__......###...÷..___∩##
######.8..)......8.######
#⌠....@......⌠# ###..W..†...###
#_.....†._# #_......._#
#........_# #∩.......∩#
##∩.....∩## ##.....## ##⌠⌠⌠##


You could see a wraith.

Vanquished Creatures
  A hornet (D)
  Jessica (D)
  A river rat (D)
  An orc (D)
  2 ball pythons (D)
  A bat (D)
  An endoplasm (D)
  A hobgoblin (D)
  3 quokkas (D)
  2 rats (D)
14 creatures vanquished.

Notes
Turn   | Place    | Note
-------+----------+-------------------------------------------
     0 | D        | rocky1 the Demonspawn Gladiator began the quest for the
                  | Orb.
     0 | D        | Reached XP level 1. HP: 16/16 MP: 1/1
     4 | D        | Found a shimmering altar of Xom.
     4 | D        | Found an opulent altar of Gozag.
     5 | D        | Found a hide-covered altar of Uskayaw.
     5 | D        | Found a stormy altar of Qazlal.
     5 | D        | Round 1.
     6 | D        | Found a sacrificial altar of Ru.
     7 | D        | Found Jureutya's Magic Scroll Shop.
     7 | D        | Found Komoaj's Staff Store.
     8 | D        | Found Xemnien's Magic Scroll Shop.
     8 | D        | Found Jihy's Must-Have Magic.
     9 | D        | Found a blossoming altar of Fedhas.
    16 | D        | Found Iplomuch's Timeless Talismans.
    18 | D        | Found Yneli's Jewellery.
    18 | D        | Found Xiddoat's Advanced Armour.
    33 | D        | Reached skill level 3 in Long Blades
    35 | D        | Found a radiant altar of Vehumet.
    36 | D        | Found a snail-covered altar of Cheibriados.
    37 | D        | Found a basalt altar of Yredelemnul.
    39 | D        | Found Ciat's Distillery.
    44 | D        | Found a corrupted altar of Lugonu.
    44 | D        | Found a shimmering blue altar of Sif Muna.
    44 | D        | Found an iron altar of Okawaru.
    44 | D        | Found Lun Ziuj's Do-It-Yourself Clinic.
    46 | D        | Found Sekocugo's Distillery.
    46 | D        | Found Gycvein's Bottled Wisdom.
    51 | D        | Found a bloodstained altar of Trog.
    52 | D        | Found Ykhletism's Weapon Rack.
    54 | D        | Found a burning altar of Makhleb.
    54 | D        | Found a shadowy altar of Dithmenos.
    54 | D        | Found Wenei's Premium Goods.
    56 | D        | Found Icysois's Basic Armour.
    56 | D        | Found Sain's Miscellaneous Merchandise.
    59 | D        | Found an ornate altar of the Wu Jian Council.
    60 | D        | Found an ancient bone altar of Kikubaaqudgha.
    62 | D        | Found Bibur's Identification Station.
    93 | D        | Noticed Jessica
   101 | D        | Killed Jessica
   102 | D        | Reached skill level 4 in Long Blades
   102 | D        | Gained mutation: You have a somewhat thin skeletal
                  | structure. (Dex +2, Stealth+) [demonic ancestry]
   102 | D        | Reached XP level 2. HP: 15/23 MP: 2/2
   102 | D        | Reached XP level 3. HP: 19/28 MP: 3/3
   138 | D        | Arena points: 14 (+14) [x2]
   153 | D        | Became a worshipper of Warmaster Okawaru
   191 | D        | Round 2.
   230 | D        | Reached skill level 1 in Invocations
   283 | D        | Reached skill level 5 in Long Blades
   326 | D        | Arena points: 56 (+42) [x3]
   384 | D        | Round 3.
   387 | D        | Noticed a hornet
   396 | D        | Paralysed by a hornet for 1 turns
   400 | D        | Killed a hornet
   400 | D        | Reached * piety under Okawaru
   401 | D        | Reached skill level 7 in Long Blades
   401 | D        | Reached skill level 1 in Stealth
   401 | D        | Reached XP level 4. HP: 17/37 MP: 4/8
   401 | D        | Gained mutation: Spells you cast may paralyse adjacent
                  | enemies. [demonic ancestry]
   401 | D        | Reached XP level 5. HP: 19/42 MP: 4/9
   404 | D        | Noticed a wraith
   414 | D        | Slain by a wraith

Illustrated notes

Levels and vault maps discovered:
D:        arena_sprint

Skill      XL: |  1  2  3 |
---------------+----------+-----
Long Blades    | 4 7 |  7.4
Dodging        | 4 6 |  6.5
Throwing       | 2 3 |  3.5
Invocations    | 6 |  6.0
Fighting       | 4 |  4.0
Stealth        | 1 |  1.4

Action                     |  1- 3 |  4- 6 || total
---------------------------+-------+-------++-------
  Melee: Long sword        |    40 |     9 ||    49
         Punch             |     1 |     1 ||     2
  Evoke: Wand              |     1 |       ||     1
    Use: Potion            |     1 |     2 ||     3
 Armour: Leather armour    |     6 |       ||     6
         Robe              |    13 |     7 ||    20
  Dodge: Dodged            |    39 |     5 ||    44

Table legend: (Time is in decaauts)
 A = Elapsed time spent in this place.
 B = Non-inter-level travel time spent in this place.
 C = Inter-level travel time spent in this place.
 D = Time resting spent in this place.
 E = Time spent auto-exploring this place.
 F = Levels seen in this place.
 G = Mean time per level.
                   A        B        C        D        E       F      G
               +--------+--------+--------+--------+--------+-----+--------+
         Total |    425 |    425 |      0 |     38 |     67 |   1 |  425.0 |
       Dungeon |    425 |    425 |      0 |     38 |     67 |   1 |  425.0 |
               +--------+--------+--------+--------+--------+-----+--------+

Top non-repeatable levels by time:
       D: 425 daAuts
